[Event "Championnat d'Europe Rapide"]
[Date "2024.12.08"]
[White "Gavrilescu, David"]
[Black "Mohr, Georg"]
[WhiteElo "2549"]
[BlackElo "2385"]
[Round "11.19"]
[Result "1-0"]
[TimeControl "900+10"]

1. e4 c5 2.
Nf3 Nc6 3.
Bb5 d6 4.
O-O Bd7 5.
Re1 e6 6. c3 a6 7. Bf1 Nf6 8. d4 cxd4 9. cxd4 d5 10. exd5 Nxd5 11. Nc3 Be7 12. Nxd5 exd5 13. Bg5 O-O 14. Bxe7 Nxe7 15. Qb3 Rb8 16. Bd3 h6 17. Rac1 Be6 18. h3 Qd6 19. Bb1 Rfd8 20. Ne5 Bf5 21. Bxf5 Nxf5 22. Qf3 Qf6 23. Rc7 Nd6 24. Qxf6 gxf6 25. Nd7 Nb5 26. Nxf6+ Kg7 27. Nh5+ Kf8 28. Rc5 Nxd4 29. Re5 Ne6 30. Rcxd5 Rxd5 31. Rxd5 Rc8 32. f4 Rc1+ 33. Kh2 Rc2 34. f5 Ng5 35. h4 Ne4 36. Rd4 Nf2 37. f6 Kg8 38. Rb4 b5 39. Kg3 Nd3 40. Rg4+ Kh8 41. Rd4 Ne1 42. Nf4 Rc8 43. Rd7 Kg8 44. Nd5 Rc2 45. Nf4 Rc8 46. h5 Nc2 47. Nd5 Rc5 48. b4 Rc4 49. Rd8+ Kh7 50. Rf8 Rd4 51. Rxf7+ Kg8 52. Rg7+ Kf8 53. Nf4 1-0

[Site "Europe Echecs"]

[Event "Championnat d'Europe Rapide"]
[Date "2024.12.08"]
[White "Ghimpu, Samuel-Timotei"]
[Black "Livaic, Leon"]
[WhiteElo "2475"]
[BlackElo "2560"]
[Round "11.20"]
[Result "1-0"]
[TimeControl "900+10"]

1. d4 d6 2.
e4 Nf6 3.
Nc3 e5 4.
Nf3 Nbd7 5.
a4 Be7 6.
Bc4 O-O 7.
O-O c6 8.
Re1 a5 9. h3 exd4 10.
Qxd4 Nb6 11.
Bg5 h6 12.
Bh4 Nxc4 13.
Qxc4 Qb6 14.
Qd3 Re8 15.
b3 Be6 16.
Nd4 Rad8 17.
Rad1 Qc5 18.
f4 Qb6 19.
Bf2 Qc7 20.
Qf3 Bc8 21.
Bh4 Nh7 22.
Bxe7 Rxe7 23. Nde2 Rde8 24. Ng3 f5 25. Qd3 fxe4 26. Qxd6 Qxd6 27. Rxd6 e3 28. Nce4 Rf7 29. Rd3 Rxf4 30. Nd6 Ref8 31. Rexe3 Nf6 32. c4 b6 33. Re7 Bd7 34. Ne2 Rh4 35. Rg3 g5 36. Rf3 g4 37. Rf4 Rh5 38. h4 Rc5 39. Ng3 Nh5 40. Nxh5 1-0

[Site "Europe Echecs"]

[Event "Championnat d'Europe Rapide"]
[Date "2024.12.08"]
[White "Alonso Rosell, Alvar"]
[Black "Todorovic, Goran N"]
[WhiteElo "2532"]
[BlackElo "2256"]
[Round "11.21"]
[Result "1-0"]
[TimeControl "900+10"]

1. d4 d5 2.
Nf3 Nf6 3.
e3 c5 4.
Nbd2 e6 5.
b3 Nc6 6.
Bb2 Bd6 7.
Bd3 Qc7 8.
c4 cxd4 9.
exd4 O-O 10.
O-O e5 11.
cxd5 Nxd4 12. Rc1 Nxf3+ 13. Qxf3 Qd8 14. Nc4 e4 15. Bxe4 Nxe4 16. Qxe4 Re8 17. Qf3 Bf8 18. Rfd1 f6 19. d6 Qd7 20. Qd5+ Re6 21. Ba3 Rb8 22. Ne3 Qf7 23. Rc7 Bd7 24. Rxb7 Rxb7 25. Qxb7 f5 26. Nd5 Bxd6 27. Bxd6 h6 28. Ne7+ 1-0

[Site "Europe Echecs"]

[Event "Championnat d'Europe Rapide"]
[Date "2024.12.08"]
[White "Magold, Filip"]
[Black "Guliyev, Namig"]
[WhiteElo "2428"]
[BlackElo "2484"]
[Round "11.22"]
[Result "0-1"]
[TimeControl "900+10"]

1. e4 c5 2.
Nf3 d6 3. d4 cxd4 4. Nxd4 Nf6 5. Nc3 a6 6. Be3 e6 7. g4 e5 8. Nf5 g6 9. Bg2 gxf5 10. exf5 h6 11. h3 Nbd7 12. Qe2 Rb8 13. O-O-O b5 14. f4 b4 15. fxe5 dxe5 16. Ne4 Nxe4 17. Bxe4 Qc7 18. Rd2 Be7 19. Rhd1 Nf6 20. Bg2 Bb7 21. Bxb7 Qxb7 22. h4 Qe4 23. g5 hxg5 24. hxg5 Ng4 25. f6 Nxe3 26. fxe7 Rh1 27. b3 Rxd1+ 28. Rxd1 Rc8 29. Rd2 Rxc2+ 0-1

[Site "Europe Echecs"]

[Event "Championnat d'Europe Rapide"]
[Date "2024.12.08"]
[White "Nikolovski, Nikola"]
[Black "Baidetskyi, Valentin"]
[WhiteElo "2407"]
[BlackElo "2519"]
[Round "11.23"]
[Result "0-1"]
[TimeControl "900+10"]

1. f4 d5 2. Nf3 Nf6 3. e3 g6 4. Be2 Bg7 5. O-O O-O 6. d3 c5 7. Ne5 Nfd7 8. Nxd7 Bxd7 9. Bf3 Bc6 10. Qe1 f5 11. Nc3 d4 12. Nd1 Bxf3 13. Rxf3 Nc6 14. e4 Qd7 15. Nf2 e5 16. exf5 gxf5 17.
fxe5 Nxe5 18. Rg3 Rae8 19. Qf1 Ng4 20. Bf4 Qe6 21. Nh3 h6 22. Rd1 Qe2 23. Bd2 Qxf1+ 24. Rxf1 Re2 25. Rd1 Be5 26. Bf4 Re8 27. Bxe5 R8xe5 28. Nf4 Re1+ 0-1

[Site "Europe Echecs"]

[Event "Championnat d'Europe Rapide"]
[Date "2024.12.08"]
[White "Jacimovic, Dragoljub"]
[Black "Mamedov, Rauf"]
[WhiteElo "2358"]
[BlackElo "2656"]
[Round "11.24"]
[Result "0-1"]
[TimeControl "900+10"]

1. d4 d5 2. c4 e6 3. Nc3 c5 4. cxd5 cxd4 5. Qxd4 Nc6 6. Qd1 exd5 7. Qxd5 Qc7 8. Bg5 Be6 9. Qe4 Qb6 10. O-O-O Be7 11. Nf3 Nf6 12. Qa4 O-O 13. e3 a6 14. Bc4 Bxc4 15.
Qxc4 Rac8 16. Qb3 Qc5 17. Kb1 Na5 18. Qc2 Nc4 19. Rc1 Rc6 20. Bxf6 Bxf6 21. Nd2 Na3+ 22. bxa3 Bxc3 23. Nb3 Qxa3 24.
Rcd1 Bf6 25.
Qe2 Rb6 0-1

[Site "Europe Echecs"]

[Event "Championnat d'Europe Rapide"]
[Date "2024.12.08"]
[White "Deac, Bogdan-Daniel"]
[Black "Costachi, Mihnea"]
[WhiteElo "2696"]
[BlackElo "2464"]
[Round "11.25"]
[Result "1/2-1/2"]
[TimeControl "900+10"]

1. Nf3 Nf6 2. d4 d5 3.
Bf4 c5 4. e3 e6 5. Be2 Nc6 6. O-O Be7 7. dxc5 Bxc5 8. c4 O-O 9. Nc3 dxc4 10. Bxc4 a6 11. Rc1 Qe7 12. Bg5 Rd8 13. Qe2 h6 14. Bh4 Qe8 15. Bxf6 gxf6 16. Ne4 Be7 17. Ng3 b5 18. Bb3 Na5 19. Bc2 Qf8 20. Nd4 Bb7 21. Be4 Bxe4 22. Nxe4 f5 23. Ng3 Bf6 24. Nh5 Qe7 25. Qf3 Bxd4 26.
exd4 Nc4 27.
Rc2 Qg5 28.
Rd1 Rac8 29.
Qe2 Nb6 30.
Rxc8 Rxc8 31. f4 Qh4 32. g3 Qh3 33. Nf6+ Kg7 34. Qe5 Rc2 35. Ng4+ Kg8 36. Nf2 Rxf2 37. Kxf2 Qxh2+ 38. Ke1 Qxg3+ 39. Ke2 Nc4 40. Qb8+ Kg7 41. d5 Qg2+ 42. Ke1 Qg1+ 43. Ke2 Qg2+ 44. Ke1 Qg3+ 45. Ke2 Qe3+ 46. Kf1 Qf3+ 47. Ke1 Qe3+ 48. Kf1 Qf3+ 49.
Ke1 exd5 50. Qa7 Qe4+ 51. Kf2 Qc2+ 52. Ke1 Qe4+ 53. Kf2 Qxf4+ 54. Ke2 Qe4+ 55. Kf2 Qc2+ 56. Ke1 Qe4+ 57. Kf2 Qh4+ 58. Ke2 Qg4+ 59. Ke1 Qe4+ 60. Kf2 Qf4+ 61. Ke2 Qe4+ 62. Kf2 1/2-1/2

[Site "Europe Echecs"]

[Event "Championnat d'Europe Rapide"]
[Date "2024.12.08"]
[White "Ragger, Markus"]
[Black "Koelle, Tobias"]
[WhiteElo "2577"]
[BlackElo "2437"]
[Round "11.26"]
[Result "1/2-1/2"]
[TimeControl "900+10"]

1. d4 Nf6 2.
c4 e6 3. Nf3 d5 4. g3 Bb4+ 5. Bd2 a5 6. Bg2 O-O 7. Qc2 c5 8. a3 Bxd2+ 9. Qxd2 cxd4 10. cxd5 Qxd5 11.
Qxd4 Nc6 12.
Qxd5 Nxd5 13. O-O a4 14. Nbd2 Nb6 15. Rac1 Ra5 16. Nc4 Nxc4 17. Rxc4 e5 18. Rfc1 Rd8 19. Ng5 h6 20. Bxc6 bxc6 21. Ne4 Rb5 22. Rxc6 Bb7 23. Rd6 Rf8 24. Nd2 Rxb2 25. f3 Ra2 26. Rc3 Rc8 27. Rxc8+ Bxc8 28. Rd8+ Kh7 29. Rxc8 Rxd2 30. Kf2 Ra2 31. Rc3 Kg6 32. h4 f5 33. Rc6+ Kf7 34. Rc7+ Kf6 35. Rc6+ Ke7 36. Rc7+ Kf6 37. Rc6+ Ke7 38. Rc7+ Kf6 1/2-1/2

[Site "Europe Echecs"]

[Event "Championnat d'Europe Rapide"]
[Date "2024.12.08"]
[White "Aizenberg, Benny"]
[Black "Djukic, Nikola"]
[WhiteElo "2425"]
[BlackElo "2493"]
[Round "11.27"]
[Result "1-0"]
[TimeControl "900+10"]

1. e4 c5 2.
Nf3 d6 3. d4 cxd4 4. Nxd4 Nf6 5. Nc3 Nc6 6. Bg5 e6 7. Qd2 a6 8. O-O-O Bd7 9. Nxc6 Bxc6 10. f3 Be7 11. h4 b5 12. Kb1 Rc8 13. a3 Rb8 14. Bf4 Qb6 15. Bxd6 Rd8 16. Qf4 Rxd6 17. Rxd6 Qb8 18. e5 Bxd6 19. exd6 O-O 20. Ne4 Bxe4 21.
fxe4 e5 22.
Qxe5 Re8 23.
Qf5 Rxe4 24.
Bd3 Rd4 25.
Re1 Rxd6 26.
g4 g6 27.
Qf3 Qd8 28.
h5 Nd7 29.
Qf2 Qg5 30.
Re8+ Kg7 31.
hxg6 Qf6 32.
gxh7 1-0

[Site "Europe Echecs"]

[Event "Championnat d'Europe Rapide"]
[Date "2024.12.08"]
[White "Dobrikov, Marco"]
[Black "Zajic, Milan"]
[WhiteElo "2407"]
[BlackElo "2392"]
[Round "11.28"]
[Result "0-1"]
[TimeControl "900+10"]

1. d4 Nf6 2. c4 e6 3. Nf3 Bb4+ 4. Bd2 Be7 5. g3 d5 6. Bg2 O-O 7. O-O Nbd7 8. Qc2 c6 9. b3 a5 10. Bc3 b5 11. Nbd2 Ba6 12. Bb2 bxc4 13. bxc4 c5 14. Ne5 Rc8 15. Qa4 cxd4 16. Nc6 Nb6 17. Nxe7+ Qxe7 18. Qxa5 Nxc4 19. Nxc4 Bxc4 20. Bxd4 Bxe2 21. Rfe1 Bc4 22. a4 Ra8 23. Qd2 Rfb8 24. a5 h6 25. Qf4 Rb3 26. Be5 Ra6 27. Bd4 Qd8 28. Bb6 Qc8 29. Bd4 Nd7 30. Qg4 Qf8 31. Bf1 Bxf1 32. Kxf1 Rb4 33. Qd1 Qa8 34. Kg1 Rc4 35. Qd2 Nc5 36. Reb1 Ne4 37. Qd3 Rxa5 38. Rxa5 Qxa5 39. f3 Qa4 40. Bf2 Rc3 41. Rb8+ Kh7 42. Qb1 Rxf3 0-1

[Site "Europe Echecs"]

[Event "Championnat d'Europe Rapide"]
[Date "2024.12.08"]
[White "Brunner, Nicolas"]
[Black "Kozul, Zdenko"]
[WhiteElo "2413"]
[BlackElo "2519"]
[Round "11.29"]
[Result "1-0"]
[TimeControl "900+10"]

1. d4 Nf6 2.
c4 g6 3. Nc3 Bg7 4. e4 d6 5. Be2 O-O 6. Be3 e5 7. d5 Na6 8. h4 Nc5 9. Qc2 h5 10. f3 a5 11. Nh3 Bxh3 12.
Rxh3 c6 13.
O-O-O cxd5 14. cxd5 a4 15. Kb1 Qa5 16. Nb5 a3 17. b3 Rfc8 18. Qd2 Qd8 19. Rc1 Ncxe4 20. fxe4 Nxe4 21. Qb4 f5 22. Bd3 Rxc1+ 23. Kxc1 Rc8+ 24. Kb1 Nc5 25. Bc4 e4 26. Qd2 f4 27. Bxc5 Rxc5 28. Qxf4 Qa5 29. Qxe4 Qd2 30. Qe2 Qf4 31. Rf3 Qxh4 32. Bd3 Qg5 33. Rf1 Kh7 34. Qe4 Kh6 35. Nxa3 Rxd5 36. Nc4 Rd4 37. Qf3 b5 38. Nb2 Qe5 39. Rf2 Qe1+ 40. Nd1 Be5 41. g3 b4 42. Bc2 h4 1-0

[Site "Europe Echecs"]

[Event "Championnat d'Europe Rapide"]
[Date "2024.12.08"]
[White "Gatineau, Yovann"]
[Black "Beerdsen, Thomas"]
[WhiteElo "2363"]
[BlackElo "2502"]
[Round "11.30"]
[Result "0-1"]
[TimeControl "900+10"]

1. d4 d5 2. c4 Nc6 3. Nc3 Nf6 4. Nf3 dxc4 5. d5 Na5 6. e4 e6 7. Bg5 h6 8. Bxf6 gxf6 9. Bxc4 Nxc4 10. Qa4+ Bd7 11. Qxc4 Bd6 12. dxe6 fxe6 13. O-O Qe7 14. Rac1 O-O-O 15. Rfd1 Kb8 16. Rd3 Rhg8 17. Rcd1 Qe8 18. Nd4 Rg5 19. g3 h5 20. f4 Rc5 21. Qb3 h4 22. Nf3 hxg3 23. e5 gxh2+ 24. Kh1 fxe5 25. fxe5 Be7 26. Ne4 Rb5 27. Qc4 Bc6 28. Rxd8+ Bxd8 29. Kxh2 Rxb2+ 30. Kg3 Qg6+ 31. Kf4 Be7 32. Qd4 b6 33. Rg1 Qf5+ 34. Ke3 Rb4 35. Rg8+ Kb7 36. Nd6+ Bxd6 37. Qd2 Qxf3# 0-1

[Site "Europe Echecs"]

[Event "Championnat d'Europe Rapide"]
[Date "2024.12.08"]
[White "Kalezic, Blazo"]
[Black "Zlatkov, Anton"]
[WhiteElo "2382"]
[BlackElo "2324"]
[Round "11.31"]
[Result "1-0"]
[TimeControl "900+10"]

1. e4 c5 2.
Nf3 Nc6 3.
Nc3 e6 4. d4 cxd4 5. Nxd4 Nf6 6. a3 d6 7. Be3 Be7 8. Be2 e5 9. Nb3 Be6 10. O-O d5 11. exd5 Nxd5 12.
Nxd5 Bxd5 13. c4 Be6 14. Nc5 Bxc5 15. Bxc5 b6 16. Bd6 Qd7 17. b4 f6 18. f4 exf4 19. Rxf4 Kf7 20. c5 Rhd8 21. Qc2 Kg8 22. Bd3 h6 23. Qf2 bxc5 24. bxc5 Ne5 25. Be4 Rac8 26. Qg3 f5 27. Bxe5 fxe4 28. Bd6 Qa4 29. Qe3 Bd5 30. h4 Re8 31. Kh2 Qb3 32. Qd4 Qc4 33. Qf2 Qc3 34. Re1 e3 35. Qg3 Rcd8 36. Rf5 Qb3 37. Be5 Rd7 38. Rxe3 Qc2 39.
Qg6 Rf7 40.
Bxg7 Qxg2+ 41. Qxg2 Bxg2 42. Rxe8+ Kxg7 43. Rxf7+ Kxf7 44. Rc8 Bd5 45. Rc7+ 1-0

[Site "Europe Echecs"]

[Event "Championnat d'Europe Rapide"]
[Date "2024.12.08"]
[White "Schneider, Ilja"]
[Black "Sadiku, Bedri"]
[WhiteElo "2414"]
[BlackElo "2159"]
[Round "11.32"]
[Result "1-0"]
[TimeControl "900+10"]

1. e4 c5 2.
Nc3 e6 3.
Nf3 a6 4. g3 b5 5. Bg2 Bb7 6. d4 b4 7. Na4 c4 8. Ne5 Qc7 9. Qe2 c3 10. bxc3 bxc3 11. Rb1 Nc6 12. Qc4 Rc8 13. Nxc6 Bxc6 14. Bf4 d6 15. Nxc3 Qa5 16. Bd2 Bd7 17. Qd3 Nf6 18. O-O Qh5 19. h3 Be7 20. e5 dxe5 21. g4 e4 22. Nxe4 Qg6 23.
Nxf6+ Bxf6 24. Be4 Bc6 25. Bxg6 hxg6 26. Qxa6 O-O 27. c3 Be4 28. Rfe1 Ra8 29. Qe2 Bxb1 30. Rxb1 Rxa2 31. Qd3 g5 32. Be3 Ra3 33. Rc1 Rc8 34. Kg2 Ra2 35. Qb5 Raa8 36. Rc2 Rab8 37. Qd3 Rb3 38. Qd2 Rc4 39. Bxg5 1-0

[Site "Europe Echecs"]

[Event "Championnat d'Europe Rapide"]
[Date "2024.12.08"]
[White "Fromm, Marius"]
[Black "Stankovic, Milos"]
[WhiteElo "2459"]
[BlackElo "2462"]
[Round "11.33"]
[Result "0-1"]
[TimeControl "900+10"]

1. e4 e6 2.
d4 d5 3. Nc3 Nf6 4. e5 Nfd7 5. f4 c5 6. Nf3 Nc6 7. Be3 cxd4 8. Nxd4 Bc5 9. Qd2 O-O 10. O-O-O a6 11. Nb3 Be7 12. Bd3 b5 13. Qf2 Rb8 14. h4 Nb6 15. Rh3 Qc7 16. g4 Bd7 17. g5 Nc4 18. Bc5 Rfc8 19. h5 Be8 20. g6 fxg6 21. hxg6 h6 22. Qh2 Bxc5 23. Nxc5 Qe7 24. Nxe6 Nb4 25. Nxg7 Nxd3+ 26. Rdxd3 Qxg7 27. Rxh6 Bxg6 28. Rg3 Rb6 29. Nxd5 Nxe5 30. Ne7+ Qxe7 31. Rh8+ Kf7 32. Rxc8 Nc4 33. Qf2 Re6 34. Rg1 Re2 35. Qd4 Rxc2+ 36. Kb1 Rxb2+ 37.
Ka1 Rxa2+ 38. Kxa2 Qa3# 0-1

[Site "Europe Echecs"]

[Event "Championnat d'Europe Rapide"]
[Date "2024.12.08"]
[White "Krallis, Christos"]
[Black "Alienkin, Aleksander"]
[WhiteElo "2383"]
[BlackElo "2337"]
[Round "11.34"]
[Result "1/2-1/2"]
[TimeControl "900+10"]

1. e4 e6 2.
d4 d5 3. Nc3 Nf6 4. Bg5 dxe4 5. Nxe4 Be7 6. Nxf6+ gxf6 7. Be3 Nd7 8. Nf3 Nb6 9. c4 Bd7 10. Be2 Bc6 11. O-O Rg8 12. a4 Bxf3 13.
Bxf3 Nxc4 14. Bxb7 Nxe3 15. fxe3 Rb8 16. Qf3 Qd6 17. Rac1 Kf8 18. a5 Rg5 19. a6 Kg7 20. Qf4 Bd8 21. Rc6 Qxf4 22. Rxf4 Rb5 23. Rf2 Kf8 24. Rfc2 Rb6 25. R6c5 f5 26. Kf2 Rb3 27. Ke2 Ke8 28. R5c3 Rxc3 29. bxc3 Kd7 30. Rb2 Kd6 31. c4 c5 32. Rb5 cxd4 33. exd4 Bf6 34. Kd3 Rg8 35. Bf3 Rc8 36. Rb7 Rc7 37. c5+ Kd7 38. Rxc7+ Kxc7 39. Bh5 Be7 40. Bxf7 e5 41. Be8 exd4 42. Kxd4 f4 43. Kd5 Bh4 44. Bc6 Bf2 45. Bb7 Bg1 46. h3 h5 47. Kc4 h4 48. Kb5 Bf2 49. Kc4 Bg1 50. Be4 Bf2 51. c6 Be1 52. Kd5 Bf2 53. Ke5 Bg3 54. Bf3 Bh2 55. Kf5 Bg3 56. Ke5 Bh2 57. Kd4 Bg1+ 58. Kd3 Bf2 59. Be4 Bg3 60. Ke2 Kb6 61. Kf3 Kc7 62. Kg4 Kb6 63. Kf5 Kc7 64. Bf3 Kd6 65. Kf6 Kc7 66. Ke5 Bh2 67. g4 fxg3 68. Bg2 Bg1 69. Kf6 Bc5 70. Kg5 Be7+ 71. Kh5 Bd8 72. Kg4 Kb6 73. Bf1 Kxc6 74. Kf3 Kc5 75.
Kg2 Kd4 76.
Be2 Ke3 77.
Bf3 1/2-1/2

[Site "Europe Echecs"]

[Event "Championnat d'Europe Rapide"]
[Date "2024.12.08"]
[White "Gaponenko, Inna"]
[Black "Saraci, Nderim"]
[WhiteElo "2343"]
[BlackElo "2431"]
[Round "11.35"]
[Result "1/2-1/2"]
[TimeControl "900+10"]

1. e4 c5 2.
c3 Nf6 3. e5 Nd5 4. Nf3 Nc6 5. d4 cxd4 6. cxd4 d6 7. Bc4 Nb6 8. Bb5 dxe5 9. Nxe5 Bd7 10. Nc3 a6 11. Bxc6 Bxc6 12.
Nxc6 bxc6 13. O-O e6 14. Qg4 Nd5 15. Rd1 Rb8 16. h3 a5 17. Bg5 Qd7 18. Nxd5 Qxd5 19. b3 Rb5 20. Be3 h5 21. Qg3 g5 22. Rac1 Bd6 23. Qf3 Qxf3 24. gxf3 Kd7 25.
Rc4 f6 26.
Rdc1 Rc8 27.
Kf1 Bb4 28.
Ke2 Rd5 29.
Bd2 Bd6 30.
Be3 Rb5 31.
Kd3 Rc7 32.
Ke2 Rb8 33.
Bd2 Bb4 34.
Be3 Ra8 35.
R1c2 Ra6 36.
Rc1 Rb7 37.
R1c2 Kd6 38.
Bd2 Bxd2 39.
Kxd2 a4 40.
b4 Rb5 41.
a3 Rf5 42.
Ke3 Rf4 43.
Rc1 Rb6 44.
Rc5 Rh4 45.
Ra5 Rxh3 46.
Ke2 g4 47.
fxg4 hxg4 48. Rxa4 Kd5 49. Rc5+ Kxd4 50. Rxc6 Rxa3 51. Rxb6 Rxa4 52. Rxe6 f5 53. b5 f4 54. b6 Rb4 55. Rg6 Rb2+ 56. Ke1 Kd3 57. Rd6+ Ke4 58. Kf1 Kf3 59. Rd3+ Ke4 60. Rd6 Ke5 61.
Rg6 Kf5 62.
Rc6 Kg5 63.
Kg1 Rb1+ 64.
Kh2 Rb2 65.
Kg1 f3 66. Rd6 Kf5 67. Rc6 Rb1+ 68. Kh2 Kf4 69. Rc4+ Kg5 70. Rc6 Rf1 71. Rc2 Rb1 72. Rc6 Kf4 73. Rc4+ Kf5 74. Rc6 Kf4 75. Rc4+ 1/2-1/2

[Site "Europe Echecs"]

[Event "Championnat d'Europe Rapide"]
[Date "2024.12.08"]
[White "Papasimakopoulos, Alexandros"]
[Black "Siekanska, Maria"]
[WhiteElo "2379"]
[BlackElo "2080"]
[Round "11.36"]
[Result "0-1"]
[TimeControl "900+10"]

1. d4 d5 2.
c4 e6 3. Nc3 c6 4. e3 Nf6 5. Nf3 Nbd7 6. Bd3 dxc4 7. Bxc4 b5 8. Be2 Bb7 9. O-O Bd6 10. b3 O-O 11. Bb2 a6 12. a4 b4 13. Nb1 c5 14. Nbd2 cxd4 15. Nc4 Bc7 16. Qxd4 Qe7 17. Rac1 Rac8 18. Qh4 Nc5 19. Nd4 Nd5 20. Qh3 Rfd8 21.
Rfd1 Ne4 22.
Bd3 Ng5 23.
Qh5 g6 24.
Qh6 e5 25.
Ne2 f6 26.
Ng3 Rd7 27.
Ne4 Nxe4 28.
Bxe4 Rcd8 29. Re1 f5 30. Bf3 e4 31. Be2 Nc3 32. Bxc3 bxc3 33. Rxc3 Qb4 34. Rcc1 Qxb3 35. Rb1 Qc2 36. g3 Bd5 37. Nb6 Bxb6 38. Rxb6 Qxa4 39. Rxa6 Qb4 40. Raa1 Bf7 41. h4 Rd2 42. Qf4 Qb8 43. Qg5 Rc8 44. Rad1 Qb4 45. Bf1 Rcc2 46. h5 Qd6 47. Rxd2 Rxd2 48. Rc1 Qd8 49. Qf4 Qd6 50. Rc8+ Kg7 51. h6+ Kf6 52. Rh8 Qxf4 53. gxf4 Rd1 54. Kg2 g5 55. fxg5+ Kxg5 56. Rxh7 Bh5 57. Rh8 Bf3+ 58. Kg1 Be2 59. h7 Rxf1+ 60. Kg2 Kh6 61. Rf8 Kxh7 62. Rxf5 Ra1 63. Rc5 Kg6 64. Rc2 Bf3+ 65. Kg3 Kf5 66. Rc5+ Ke6 67.
Rc6+ Kd5 68.
Rc2 Ra4 69.
Kf4 Rc4 70.
Rd2+ Kc5 71. Rb2 Rc3 72. Rd2 Kc4 73. Rd4+ Kb3 74. Rxe4 Bxe4 75. Kxe4 Kc4 76. Ke5 Kc5 77. Ke6 Kc6 78. Ke7 Kd5 79. Kf6 Ke4 80. Kg5 Kf3 81. Kf5 Rc5+ 82. Ke6 Rc2 83. Kf5 Rxf2 84. e4 Ke3+ 0-1

[Site "Europe Echecs"]

[Event "Championnat d'Europe Rapide"]
[Date "2024.12.08"]
[White "Maier, Christian"]
[Black "Savanovic, Aleksandar"]
[WhiteElo "2235"]
[BlackElo "2354"]
[Round "11.37"]
[Result "0-1"]
[TimeControl "900+10"]

1. e4 e5 2.
Nf3 Nc6 3.
Bb5 a6 4.
Ba4 Nf6 5.
d3 d6 6. O-O b5 7. Bb3 Na5 8. Nc3 Be7 9. Re1 O-O 10. h3 Bb7 11. Bd2 Nxb3 12.
axb3 Nd7 13.
b4 f5 14. d4 fxe4 15.
Nxe4 Bxe4 16. Rxe4 d5 17. Re1 e4 18. Nh2 Bd6 19. Rf1 Qe7 20. c3 Rf5 21. Qe2 Bxh2+ 22. Kxh2 Qd6+ 23.
Kh1 Raf8 24.
Be3 R8f6 25.
Rg1 Nf8 26. Raf1 Ng6 27. f3 exf3 28. Rxf3 Rxf3 29. gxf3 Qe6 30. Rg4 h5 31. Rg3 Nh4 32. f4 Qe4+ 33. Kh2 Nf5 0-1

[Site "Europe Echecs"]

[Event "Championnat d'Europe Rapide"]
[Date "2024.12.08"]
[White "Pultinevicius, Paulius"]
[Black "Robis, Dimitrios"]
[WhiteElo "2579"]
[BlackElo "1893"]
[Round "11.38"]
[Result "1-0"]
[TimeControl "900+10"]

1. e4 c5 2. Nf3 e6 3. d4 cxd4 4. Nxd4 Nc6 5. Nc3 Qc7 6. Be3 a6 7. Qf3 Nf6 8. Qg3 Qxg3 9. hxg3 Ng4 10. Nxc6 Nxe3 11. Nd4 Nxf1 12. Kxf1 Bc5 13. Rd1 b5 14. Rh5 Be7 15. a4 g6 16. Rh1 b4 17. Nce2 Bb7 18. f3 d5 19. e5 O-O 20. f4 h5 21. Kf2 Kg7 22. g4 hxg4 23. Kg3 Rh8 24. Kxg4 Rxh1 25. Rxh1 Rc8 26. Kf3 a5 27. g4 Rh8 28. Rxh8 Kxh8 29. f5 gxf5 30. gxf5 exf5 31. Ng3 Kg8 32. Ngxf5 Bg5 33. Nd6 Ba6 34. Nc6 b3 35. cxb3 Bc1 36. Nxa5 Bxb2 37. Nc6 Bd3 38. b4 Kf8 39. b5 Ba3 40. b6 Ba6 41. b7 Bxb7 42. Nxb7 Ke8 43. a5 Kd7 44. Nd4 Kc8 45. Nd6+ Kb8 46. Nc6+ Ka8 47. Nxf7 Kb7 48. Nd4 Ka6 49. Nb3 1-0

[Site "Europe Echecs"]

[Event "Championnat d'Europe Rapide"]
[Date "2024.12.08"]
[White "Zawadzka, Jolanta"]
[Black "Fressinet, Laurent"]
[WhiteElo "2331"]
[BlackElo "2588"]
[Round "11.39"]
[Result "0-1"]
[TimeControl "900+10"]

1. e4 c5 2. Nf3 Nc6 3. d4 cxd4 4. Nxd4 Nf6 5. Nc3 e5 6. Ndb5 d6 7. Bg5 a6 8. Na3 b5 9. Nd5 Be7 10. Bxf6 Bxf6 11. c4 b4 12. Nc2 a5 13. g3 h5 14. h4 g6 15. b3 Bg7 16. Bg2 O-O 17. O-O Bb7 18. Qe2 Nd4 19. Nxd4 exd4 20. Rad1 Re8 21. Qd3 Bxd5 22.
cxd5 Rc8 23.
Rfe1 Rc3 24.
Qb5 Rc5 25.
Qd3 Qb6 26.
Bh3 Rc3 27.
Qd2 d3 28.
Rc1 Qd4 29.
Bf1 Bh6 30.
Qxh6 d2 31.
Rcd1 Rxg3+ 0-1

[Site "Europe Echecs"]

[Event "Championnat d'Europe Rapide"]
[Date "2024.12.08"]
[White "Mastrovasilis, Dimitrios"]
[Black "Vyval, Volodymyr"]
[WhiteElo "2537"]
[BlackElo "2269"]
[Round "11.40"]
[Result "1-0"]
[TimeControl "900+10"]

1. e4 c5 2.
Nf3 d6 3. d4 cxd4 4. Nxd4 Nf6 5. f3 e5 6. Nb3 d5 7. Bg5 d4 8. c3 Nc6 9. Bb5 h6 10. Bh4 Qb6 11. Bxc6+ bxc6 12. cxd4 Ba6 13. Bf2 O-O-O 14.
Qc2 Bb4+ 15.
N1d2 exd4 16. a3 Bxd2+ 17. Nxd2 Qb5 18. O-O-O Rd7 19. Kb1 Qe2 20. Qxc6+ Rc7 21. Qa8+ Kd7 22. Qxh8 Qxf2 23. Qxg7 Ke6 24. Qg3 Qxg3 25. hxg3 Bd3+ 26. Ka2 Bc2 27. Nb3 Bxd1 28. Rxd1 Nh5 29. Nxd4+ Kf6 30. Nf5 Rc2 31. Rd6+ Kg5 32. f4+ Kg4 33. Ne3+ 1-0

[Site "Europe Echecs"]

[Event "Championnat d'Europe Rapide"]
[Date "2024.12.08"]
[White "Maltsevskaya, Aleksandra"]
[Black "Pantsulaia, Levan"]
[WhiteElo "2368"]
[BlackElo "2522"]
[Round "11.41"]
[Result "0-1"]
[TimeControl "900+10"]

1. e4 c5 2.
Nf3 e6 3. d4 cxd4 4. Nxd4 a6 5. Bd3 d5 6. O-O dxe4 7. Bxe4 Nf6 8. Bg5 Nbd7 9. c3 h6 10. Bxf6 Nxf6 11. Bc2 Bd6 12. Nd2 Qc7 13. h3 Bd7 14. Qf3 Bh2+ 15. Kh1 Be5 16. Rac1 O-O 17. Ne4 Nxe4 18.
Qxe4 g6 19.
Rcd1 Bg7 20.
Bb3 Rad8 21.
Rd2 e5 22.
Nf3 Bf5 23.
Qe2 Rxd2 24.
Nxd2 Rd8 25.
Ne4 Qc6 26.
Re1 Be6 27.
Bxe6 Qxe6 28. c4 f5 29. Nc3 e4 30. Nd5 b5 31. b3 bxc4 32. bxc4 Qf7 33. Rd1 Rc8 34. f3 exf3 35. Qxf3 Rxc4 36. Qb3 Re4 37. Qb6 Qe6 38. Qxe6+ Rxe6 39. Nc7 Rc6 40. Rd8+ Bf8 41. Nd5 Kf7 42. Kg1 Rd6 43. Rxd6 Bxd6 44. Kf2 Ke6 45. Nc3 Be5 46. Ne2 Kd5 47. Ke3 Kc4 48. h4 Kb4 49. Nc1 Ka3 50. Nd3 Bf6 51. h5 g5 52. Kd2 a5 53. Nc1 Kb2 54. Nb3 g4 55. Nxa5 Bc3 56. Ke3 Bxa5 57. Kf4 Kxa2 58. Kxf5 g3 59. Kf4 Be1 60. Ke3 Kb3 61. Ke2 Bf2 62. Kd3 Kb4 63. Kd2 Kc4 64. Ke2 Kd4 65. Kd2 Ke4 66. Ke2 Kf4 67. Kd3 Kg4 68.
Ke4 Kxh5 69.
Kf5 Bb6 70.
Kf4 Bc7+ 71.
Kf3 Kg5 72.
Ke2 Kf4 73.
Kf1 Bb6 0-1

[Site "Europe Echecs"]

[Event "Championnat d'Europe Rapide"]
[Date "2024.12.08"]
[White "Cvitan, Ognjen"]
[Black "Ribeiro, Gustavo"]
[WhiteElo "2413"]
[BlackElo "2241"]
[Round "11.42"]
[Result "0-1"]
[TimeControl "900+10"]

1. d4 Nf6 2.
c4 a6 3. Nc3 c5 4. e3 cxd4 5. exd4 d5 6. Nf3 e6 7. cxd5 Nxd5 8. Bd3 Be7 9. O-O O-O 10. Re1 Nc6 11. a3 Nxc3 12. bxc3 b5 13. h4 Bb7 14. Ng5 g6 15. Qg4 h5 16. Qg3 Bd6 17. Qh3 Ne7 18. g4 Nd5 19. gxh5 Nf4 20. Bxf4 Bxf4 21. Qg4 Bxg5 22. hxg5 Kg7 23. hxg6 Rh8 24. f3 Qc7 25. Re5 Qxc3 26. Rd1 Qb3 27. Ree1 Qxa3 28.
gxf7 Qd6 29.
Rd2 Rad8 30.
Be4 Bc8 31.
g6 e5 32.
Qg5 exd4 33.
Rc1 Rh3 34.
Rg2 d3 35.
Qe3 Rg3 36.
Rd1 Bh3 0-1

[Site "Europe Echecs"]

[Event "Championnat d'Europe Rapide"]
[Date "2024.12.08"]
[White "Stefanova, Antoaneta"]
[Black "Dragicevic, Drazen"]
[WhiteElo "2418"]
[BlackElo "2332"]
[Round "11.44"]
[Result "0-1"]
[TimeControl "900+10"]

1. d4 Nf6 2. Nf3 b6 3. Bf4 Bb7 4. e3 e6 5. h3 c5 6. Nbd2 Be7 7. Bd3 Nc6 8. c3 d6 9. Bh2 O-O 10. O-O Re8 11. Qe2 a6 12. a4 Bf8 13. Rfd1 Qb8 14. Nc4 b5 15. Na3 c4 16. Bc2 Bc8 17. b3 cxb3 18. Bxb3 Na5 19. Bc2 Bd7 20. axb5 axb5 21. Bd3 Nd5 22. Ng5 g6 23. Qb2 b4 24. cxb4 Qxb4 25.
Rdb1 Qxb2 26. Rxb2 Nf6 27. Nb5 Bxb5 28. Rxb5 Nc6 29. Rc1 Nb8 30. Rb7 Nbd7 31. e4 h6 32. Nf3 Reb8 33. Rbc7 Rd8 34. Bb5 Nb6 35. e5 Nfd5 36. Rb7 Rdc8 37. Re1 Rc7 38. Rxc7 Nxc7 39. Bc6 Rd8 40.
Rb1 Ncd5 41.
Nd2 dxe5 42.
dxe5 Nc3 43.
Rxb6 Rxd2 44. Bf4 Ne2+ 45. Kf1 Nxf4 46. Ke1 Re2+ 47. Kd1 Rxe5 0-1

[Site "Europe Echecs"]